 Dungeon Crawl Stone Soup version 0.29.1-1-gd02db6906a (webtiles) character file.

Game seed: 9277989610606733277

22541 Lambsauce the Severer (level 12, -1/112 HPs)
             Began as a Minotaur Fighter on Sept 23, 2022.
             Slain by a boulder beetle (6 damage)
             ... while paralysed by an efreet
             ... on level 13 of the Dungeon on Sept 30, 2022.
             The game lasted 00:39:26 (10627 turns).

Lambsauce the Severer (Minotaur Fighter)           Turns: 10627, Time: 00:39:26

Health: -1/112     AC: 17    Str: 25    XL:     12   Next: 63%
Magic:  11/11      EV:  2    Int:  5    God:
Gold:   884        SH:  0    Dex: 11    Spells: 11/11 levels left

rFire   + . .      SeeInvis .   O - +7 broad axe (elec)
rCold   . . .      Faith    .   c - +0 buckler
rNeg    . . .      Spirit   .   u - +4 acid dragon scales
rPois   .          Reflect  .   s - +1 hat
rElec   +          Harm     .   (no cloak)
rCorr   +          Rampage  .   (no gloves)
Will    .....                   d - +1 pair of boots
Stlth   ++........              i - amulet of regeneration
HPRegen 1.08/turn               C - ring of protection from fire
MPRegen 0.12/turn               h - +4 ring of evasion

@: paralysed, marked
A: horns 2, retaliatory headbutt, shaggy fur 1, electricity resistance
a: no special abilities


You were on level 13 of the Dungeon.
You visited 2 branches of the dungeon, and saw 14 of its levels.

You collected 884 gold pieces.

Inventory:

Hand Weapons
 a - a +2 war axe of electrocution
 l - a +1 mace of holy wrath
 q - a +3 spear
 B - a +3 dagger of protection
 O - a +7 broad axe of electrocution (weapon)
 P - a +4 scimitar of flaming
Missiles
 p - a throwing net (quivered)
 Q - a silver javelin
Armour
 c - a +0 buckler (worn)
 d - a +1 pair of boots (worn)
 e - a +2 robe of fire resistance
 s - a +1 hat (worn)
 u - +4 acid dragon scales (worn)
 I - a +0 troll leather armour
Jewellery
 f - a ring of flight
 h - a +4 ring of evasion (right hand)
 i - an amulet of regeneration (around neck)
 j - a ring of see invisible
 k - a +6 ring of intelligence
 v - an amulet of guardian spirit
 A - a ring of resist corrosion
 C - a ring of protection from fire (left hand)
 E - a ring of ice
 G - a ring of magical power
 K - an amulet of the acrobat
 L - a ring of willpower
Wands
 m - a wand of digging (11)
 o - a wand of paralysis (15)
 r - a wand of flame (46)
 t - a wand of polymorph (8)
 N - a wand of roots (4)
Scrolls
 g - 5 scrolls of teleportation
 n - 2 scrolls of enchant weapon
 x - 2 scrolls of blinking
 y - 3 scrolls of identify
 F - 2 scrolls of vulnerability
 M - a scroll of enchant armour
Potions
 b - a potion of magic
 w - a potion of heal wounds
 z - a potion of flight
 D - a potion of curing
 H - a potion of berserk rage
 J - a potion of invisibility


   Skills:
 + Level 11.9 Fighting
 + Level 17.4 Axes
 + Level 1.0 Throwing
 + Level 9.6 Armour
 + Level 7.2 Dodging
 + Level 2.3 Stealth
 + Level 8.6 Shields


You had 11 spell levels left.
You didn't know any spells.
Your spell library contained the following spells:

 Spells                   Type           Power      Damage    Failure   Level
 Sting                    Tmut/Pois      0%         1d3       61%         1
 Poisonous Vapours        Pois/Air       0%         N/A       75%         2
 Confusing Touch          Hex            0%         N/A       93%         3
 Dazzling Flash           Conj/Hex       0%         N/A       93%         3
 Fulminant Prism          Conj/Hex       0%         3d6       100%        4
 Iskenderun's Mystic Bla  Conj/Tloc      0%         2d3       100%        4
 Olgreb's Toxic Radiance  Pois           0%         N/A       100%        4
 Lee's Rapid Deconstruct  Erth           0%         3d5*      100%        5
 Yara's Violent Unravell  Hex/Tmut       0%         3d3       100%        5
 Dispersal                Tloc           0%         N/A       100%        6
 Starburst                Conj/Fire      0%         6d3       100%        6
 Enfeeble                 Hex            0%         N/A       100%        7
 Disjunction              Tloc           0%         N/A       100%        8


Dungeon Overview and Level Annotations

Branches:
Dungeon (13/15)            Temple (0/1) D:5            Lair (0/5) D:10
    Orc (1/2) D:10
 Vaults: D:13-14

Altars:
Dithmenos
Elyvilon
Fedhas
Gozag
Qazlal
Uskayaw
Vehumet
Zin
The Shining One

Shops:
D:2 =   D:4 *   D:8 [


Innate Abilities, Weirdness & Mutations

You have a pair of horns on your head.
You reflexively headbutt those who attack you in melee.
You are covered in fur. (AC +1)
You are resistant to electric shocks. (rElec)


Message History

The efreet hits you with a +3 scimitar of flaming!
The efreet burns you.
You closely miss the vampire mosquito.
You headbutt the vampire mosquito, but do no damage.
The vampire mosquito is moderately damaged.
You barely miss the efreet.
The vampire mosquito closely misses you.
The vampire mosquito completely misses you.
You slash the vampire mosquito!
The vampire mosquito is severely damaged.
You barely miss the efreet. The vampire mosquito bites you.
The vampire mosquito draws strength from your injuries!
The efreet barely misses you. You furiously retaliate!
You headbutt the efreet!
The boulder beetle leaps!
You slice the vampire mosquito like a ripe choko!!!
You destroy the vampire mosquito!
You slash the efreet!
An eight-headed hydra comes into view.
You block the efreet's attack.
You barely miss the efreet.
The efreet is severely wounded.
The efreet zaps a wand.
You easily resist.
You completely miss the efreet.
The efreet is severely wounded.
You hit the efreet.
The efreet is severely wounded.
The efreet zaps a wand.
You suddenly lose the ability to move!
The now-empty wand crumbles to dust.
The boulder beetle curls into a ball and begins rolling!
The efreet hits you with a +3 scimitar of flaming.
The efreet burns you.
The efreet hits you with a +3 scimitar of flaming.
A kobold comes into view. It is wielding a +0 club.
The efreet hits you but does no damage. The boulder beetle hits you!!!
* * * LOW HITPOINT WARNING * * *
The boulder beetle stops rolling and uncurls.
The efreet hits you with a +3 scimitar of flaming.
* * * LOW HITPOINT WARNING * * *
The boulder beetle bites you.
You die...

..#...)..)...$.....
#.#......##........
.......#..###......#
###.......##########
....K..........#
.#...#D.........#
.....#..........#
...#.#.#B##.....#
#.#@# .....# #.#R#
.....# ..# ######
..## ##. #. .. ..


You could see a boulder beetle, an eight-headed hydra, an efreet and a kobold.

Vanquished Creatures
  A rakshasa (D:13)
  A death knight (D:13)
  5 two-headed ogres
  Urug (D:12)
  6 deep elf pyromancers (D:11)
  4 deep elf zephyrmancers (D:11)
  2 cyclopes (D:12)
  The ghost of mdk the Destroyer, a novice DECj (D:6)
  3 gargoyles
  Psyche (D:8)
  2 efreet (D:13)
  2 unseen horrors
  3 trolls
  2 hornets (D:7)
  Prince Ribbit (D:9)
  5 slime creatures (D:12)
  Grinder (D:3)
  Sigmund (D:2)
  A wraith (D:13)
  3 shadows
  2 wyverns
  8 yaks
  A steam dragon (D:9)
  8 vampire mosquitoes
  2 acid dragons
  3 orc warriors
  2 ice beasts
  Duvessa (D:6)
  A black bear (D:3)
  3 ogres
  A wolf (D:10)
  7 centaurs
  7 kobold brigands
  3 phantoms
  3 bullfrogs
  4 necrophages
  2 scorpions (D:6)
  Dowan (D:6)
  3 killer bees (D:8)
  3 electric eels (D:10)
  5 howler monkeys
  10 hounds
  5 orc priests
  A jelly (D:7)
  2 iguanas (D:5)
  11 orc wizards
  10 gnolls
  4 adders
  A white imp (D:6)
  A worm (D:5)
  2 dart slugs
  26 orcs
  6 bats
  8 endoplasms
  4 giant cockroaches
  3 goblins
  6 hobgoblins
  A jackal (D:2)
  41 kobolds
  6 quokkas
  A ball python (D:2)
  A frilled lizard (D:1)
  5 rats
271 creatures vanquished.

Vanquished Creatures (others)
  A howler monkey (D:13)
  An orc (D:10)
2 creatures vanquished.

Grand Total: 273 creatures vanquished

Notes
Turn   | Place    | Note
-------+----------+-------------------------------------------
     0 | D:1      | Lambsauce the Minotaur Fighter began the quest for the Orb.
     0 | D:1      | Reached XP level 1. HP: 19/19 MP: 0/0
   389 | D:1      | Reached XP level 2. HP: 16/27 MP: 1/1
  1234 | D:2      | Gained mutation: Your body sometimes deteriorates upon
                  | taking damage. [potion of mutation]
  1234 | D:2      | Gained mutation: You occasionally lose the ability to read
                  | scrolls when taking damage. [potion of mutation]
  1234 | D:2      | Gained mutation: You are strong-willed. (Will+) [potion of
                  | mutation]
  1316 | D:2      | Reached XP level 3. HP: 26/33 MP: 2/2
  1406 | D:2      | Reached skill level 3 in Axes
  1593 | D:2      | Noticed Sigmund
  1608 | D:2      | Killed Sigmund
  1609 | D:2      | Reached skill level 4 in Axes
  1609 | D:2      | Reached XP level 4. HP: 21/41 MP: 3/3
  1609 | D:2      | Reached XP level 5. HP: 25/47 MP: 4/4
  1782 | D:2      | Found Mokh's Jewellery Shoppe.
  1979 | D:2      | Lost mutation: Your body sometimes deteriorates upon taking
                  | damage. [potion of mutation]
  1979 | D:2      | Lost mutation: You occasionally lose the ability to read
                  | scrolls when taking damage. [potion of mutation]
  1979 | D:2      | Lost mutation: You are strong-willed. (Will+) [potion of
                  | mutation]
  1979 | D:2      | Gained mutation: You are resistant to electric shocks.
                  | (rElec) [potion of mutation]
  1979 | D:2      | Gained mutation: You are covered in fur. (AC +1) [potion of
                  | mutation]
  2365 | D:3      | Noticed a black bear
  2376 | D:3      | Reached skill level 5 in Axes
  2378 | D:3      | Killed a black bear
  2379 | D:3      | Reached skill level 5 in Armour
  2379 | D:3      | Reached skill level 1 in Dodging
  2379 | D:3      | Reached XP level 6. HP: 50/55 MP: 5/5
  2418 | D:3      | Noticed Grinder
  2428 | D:3      | Killed Grinder
  2429 | D:3      | Reached skill level 5 in Fighting
  2429 | D:3      | Reached skill level 6 in Axes
  2795 | D:3      | Found a faded altar of an unknown god.
  3041 | D:4      | Reached XP level 7. HP: 61/61 MP: 6/6
  3074 | D:4      | Found a radiant altar of Vehumet.
  3075 | D:4      | Found a stormy altar of Qazlal.
  3075 | D:4      | Found a white marble altar of Elyvilon.
  3076 | D:4      | Found an opulent altar of Gozag.
  3154 | D:4      | Found Heowus's Assorted Antiques.
  3303 | D:4      | Found a glowing golden altar of the Shining One.
  3340 | D:4      | Found a shadowy altar of Dithmenos.
  3444 | D:5      | Entered Level 5 of the Dungeon
  3503 | D:5      | Reached skill level 7 in Axes
  3619 | D:5      | Found a staircase to the Ecumenical Temple.
  3685 | D:5      | Reached skill level 8 in Axes
  3738 | D:5      | Reached XP level 8. HP: 70/70 MP: 7/7
  4268 | D:6      | Noticed Dowan
  4281 | D:6      | Killed Dowan
  4282 | D:6      | Reached skill level 9 in Axes
  4282 | D:6      | Noticed Duvessa
  4293 | D:6      | Killed Duvessa
  4464 | D:6      | Found a runed translucent door.
  4467 | D:6      | Reached skill level 10 in Axes
  4467 | D:6      | Reached skill level 5 in Shields
  4658 | D:6      | Reached XP level 9. HP: 53/78 MP: 8/8
  4697 | D:6      | Noticed mdk's ghost (novice DECj)
  5202 | D:6      | Killed mdk's ghost
  5247 | D:7      | Paralysed by a hornet for 2 turns
  5252 | D:7      | Reached skill level 11 in Axes
  5457 | D:7      | Paralysed by a hornet for 1 turns
  5613 | D:7      | Reached skill level 1 in Stealth
  6385 | D:8      | Reached skill level 12 in Axes
  6409 | D:8      | Found a glowing silver altar of Zin.
  6476 | D:8      | Identified the +1 ring mail "Syhoev" {rF+ Int-4 Dex+4}
  6520 | D:8      | Reached XP level 10. HP: 79/88 MP: 9/9
  6742 | D:8      | Found Orilabokk's Armour Shoppe.
  6762 | D:8      | Noticed Psyche
  6765 | D:8      | Paralysed by Psyche for 3 turns
  6774 | D:8      | Paralysed by Psyche for 2 turns
  6786 | D:8      | Killed Psyche
  6838 | D:8      | Noticed a two-headed ogre
  6843 | D:8      | Killed a two-headed ogre
  6844 | D:8      | Reached skill level 13 in Axes
  7740 | D:9      | Noticed a two-headed ogre
  7747 | D:9      | Killed a two-headed ogre
  7940 | D:9      | Reached skill level 14 in Axes
  8119 | D:9      | Noticed Prince Ribbit
  8124 | D:9      | Killed Prince Ribbit
  8240 | D:10     | Entered Level 10 of the Dungeon
  8251 | D:10     | Found a staircase to the Lair.
  8307 | D:10     | Reached XP level 11. HP: 91/95 MP: 10/10
  8331 | D:10     | Found a blossoming altar of Fedhas.
  8333 | D:10     | Noticed a two-headed ogre
  8340 | D:10     | Killed a two-headed ogre
  8341 | D:10     | Reached skill level 5 in Dodging
  8381 | D:10     | Reached skill level 15 in Axes
  8675 | D:10     | Found a staircase to the Orcish Mines.
  8801 | Orc:1    | Entered Level 1 of the Orcish Mines
  8803 | Orc:1    | Noticed an orc sorcerer
  8969 | D:11     | Noticed a deep elf pyromancer
  8969 | D:11     | Noticed a deep elf zephyrmancer
  8969 | D:11     | Noticed a deep elf zephyrmancer
  8969 | D:11     | Noticed a deep elf pyromancer
  8969 | D:11     | Noticed a deep elf pyromancer
  9017 | D:11     | Killed a deep elf zephyrmancer
  9028 | D:11     | Killed a deep elf pyromancer
  9055 | D:11     | Noticed a two-headed ogre
  9063 | D:11     | Killed a two-headed ogre
  9286 | D:11     | Noticed a deep elf pyromancer
  9289 | D:11     | Killed a deep elf zephyrmancer
  9290 | D:11     | Noticed a deep elf pyromancer
  9323 | D:11     | Noticed a deep elf zephyrmancer
  9326 | D:11     | Killed a deep elf pyromancer
  9330 | D:11     | Killed a deep elf pyromancer
  9331 | D:11     | Reached skill level 16 in Axes
  9331 | D:11     | Killed a deep elf pyromancer
  9332 | D:11     | Reached skill level 10 in Fighting
  9334 | D:11     | Killed a deep elf zephyrmancer
  9345 | D:11     | Noticed a deep elf pyromancer
  9350 | D:11     | Noticed a deep elf zephyrmancer
  9351 | D:11     | Killed a deep elf pyromancer
  9362 | D:11     | Killed a deep elf zephyrmancer
  9370 | D:11     | Killed a deep elf pyromancer
  9406 | D:11     | Noticed a two-headed ogre
  9411 | D:11     | Killed a two-headed ogre
  9412 | D:11     | Reached XP level 12. HP: 105/107 MP: 11/11
  9650 | D:12     | Found a hide-covered altar of Uskayaw.
  9968 | D:12     | Reached skill level 17 in Axes
 10325 | D:12     | Noticed Urug
 10335 | D:12     | Killed Urug
 10550 | D:13     | Noticed a death knight
 10561 | D:13     | Killed a death knight
 10601 | D:13     | Noticed a rakshasa
 10602 | D:13     | Noticed a boulder beetle
 10612 | D:13     | Killed a rakshasa
 10612 | D:13     | Paralysed by an efreet for 4 turns
 10613 | D:13     | Reached skill level 1 in Throwing
 10620 | D:13     | Noticed an eight-headed hydra
 10623 | D:13     | Paralysed by an efreet for 4 turns
 10627 | D:13     | HP: 5/112 [efreet/+3 scimitar of flaming (5)]
 10627 | D:13     | Slain by a boulder beetle

Illustrated notes

Levels and vault maps discovered:
D:1:      nzn_arrival_crosshair, layout_loops_corners
D:2:      layout_loops_ring, serial_shops, shop, kennysheep_generic_room_16,
          uniq_sigmund
D:3:      layout_rooms, hellmonk_ecumenical_altar_defaced_shrine,
          nicolae_eternal_life, st_stairs_2, minmay_misc_feat_room,
          hangedman_decor_riveting, uniq_grinder
D:4:      layout_rooms, nicolae_dithmenos_through_a_glass_darkly,
          nicolae_tso_carved_into_rock,
          chequers_temple_overflow_statue_of_worship, serial_shops, shop
D:5:      kb_forest_paths, layout_basic, temple_fountains
D:6:      layout_basic, hellmonk_ghost_happy_afterlife, uniq_duvessa
D:7:      layout_layer_cave, hangedman_minor_gate_pass
D:8:      layout_layer_cave, mainiacjoe_overflow_paths, serial_shops, shop,
          due_unseen_surprise, uniq_psyche
D:9:      layout_roguey, st_stairs_13, uniq_prince_ribbit1
D:10:     layout_rooms, fedhas_altar_1, erik_lair_island
D:11:     layout_basic, elves_outpost_lemuel
D:12:     layout_stronghold, dancing_weapons_uskayaw, uniq_urug
D:13:     layout_rooms, special_room [special_room_orc]
Orc:1:    layout_caves, enter_volcano_4

Skill      XL: |  1  2  3  4  5  6  7  8  9 10 11 12 |
---------------+-------------------------------------+-----
Armour         | 4 5 6 7 8 9 |  9.6
Fighting       | 4 5 6 7 8 10 11 | 11.9
Axes           | 4 5 6 8 10 12 14 16 17 | 17.4
Shields        | 4 5 6 7 8 |  8.6
Dodging        | 1 3 4 6 7 |  7.2
Stealth        | 1 2 |  2.3
Throwing       | 1 |  1.0

Action                   |  1- 3 |  4- 6 |  7- 9 | 10-12 || total
-------------------------+-------+-------+-------+-------++-------
Melee: War axe           |    74 |    42 |   199 |   360 ||   675
       Headbutt          |     4 |     3 |    36 |    72 ||   115
       Broad axe         |       |       |       |    41 ||    41
Throw: Javelin           |       |       |       |     6 ||     6
  Use: Scroll            |     3 |     6 |     9 |     9 ||    27
       Potion            |     2 |     2 |     5 |     4 ||    13
Armor: Scale mail        |    20 |    18 |    27 |       ||    65
       Acid dragon scale |       |       |    27 |    91 ||   118
       Skin              |       |       |       |     9 ||     9
Dodge: Dodged            |    49 |    28 |   147 |   192 ||   416
Block: Buckler           |    15 |    11 |    43 |    70 ||   139
